Cogmind - Beta 14 @@@ ROGUE MODE // 2024.09.04 @ 21:33:18 Player: Evel Wyn Result: Destroyed by Cetus Guard with Advanced Variable Charge Gun Performance ------------- Evolutions (5) 2500 Regions Visited (9) 1800 Robots Destroyed (21) 105 Value Destroyed (342) 342 Prototype IDs (5) 100 Alien Tech Used (0) 0 Bonus (12) 12 TOTAL SCORE: 4859 Bonus ------- High Alert Combat Kills 12 Cogmind --------- Core Integrity 0/1000 Matter 13/300 Energy 365/365 System Corruption 0% Temperature Cool (9) Movement Rolling (115) Ox1 Location -5/Cetus Parts ------- > --- POWER (2) -------- Neutrino Core Micro Fission Core > --- PROPULSION (6) --- Armored Huge Wheel Combat Gravmag System > --- UTILITY (6) ------ Improved Transmission Jammer Advanced Drone Bay (2/2) > --- WEAPON (3) ------- Improved Remote Datajack > --- INVENTORY (5) ---- Advanced ECM Suite Peak State ------------ > --- POWER ------------ Light Nuclear Core Light Nuclear Core > --- PROPULSION ------- Improved VTOL Module Improved VTOL Module Improved VTOL Module Improved VTOL Module Xenon Bombardment Thruster Xenon Bombardment Thruster > --- UTILITY ---------- Advanced Heat Sink Small Storage Unit Improved Sensor Array Signal Interpreter Hacking Suite System Shield > --- WEAPON ----------- Plasma Rifle Grenade Launcher > --- INVENTORY -------- Light Nuclear Core Xenon Bombardment Thruster Xenon Bombardment Thruster Improved Transmission Jammer Advanced Drone Bay Improved Datajack [Rating: 55] Favorites ----------- Power Light Nuclear Core Engine Light Ion Engine Power Core Light Nuclear Core Propulsion Improved VTOL Module Treads Light Treads Leg Aluminum Leg Wheel Armored Huge Wheel Hover Unit Improved Hover Unit Flight Unit Improved VTOL Module Utility Signal Interpreter Device Improved Sensor Array Storage Small Storage Unit Processor Signal Interpreter Hackware Hacking Suite Protection Powered Armor Weapon Small Laser Energy Gun Small Laser Ballistic Gun Light Assault Rifle Launcher Grenade Launcher Special Weapon Improved Remote Datajack Special Melee Weapon Improved Datajack Build | -11 -10 -9 -9 -8 -7 -6 -5 -5 -5 ------- Run | Yrd Mat Mat Min Mat Fac Fac Fac Ext Cet Slots Evolved 10 | . . 2 . 2 2 2 2 . . Power 1 | . . . . 1 . . . . . Propulsion 4 | . . 2 . . . 2 . . . Utility 4 | . . . . 1 1 . 2 . . Weapon 1 | . . . . . 1 . . . . Parts Attached 82 | 7 11 4 7 15 15 8 7 5 3 Power 12 | 1 1 . 1 1 5 . . 3 . Engine 5 | 1 1 . 1 1 1 . . . . Core 7 | . . . . . 4 . . 3 . Reactor . | . . . . . . . . . . Propulsion 26 | 3 2 3 4 5 . 6 1 2 . Treads 1 | 1 . . . . . . . . . Leg 2 | 2 . . . . . . . . . Wheel 1 | . . . . . . . . 1 . Hover 2 | . . 1 . . . . . 1 . Flight 20 | . 2 2 4 5 . 6 1 . . Utility 20 | 1 2 . . 5 6 . 4 . 2 Device 11 | . 1 . . 3 2 . 3 . 2 Storage 4 | 1 . . . 1 2 . . . . Processor 1 | . 1 . . . . . . . . Hackware 3 | . . . . 1 1 . 1 . . Protection 1 | . . . . . 1 . . . . Artifact . | . . . . . . . . . . Weapon 24 | 2 6 1 2 4 4 2 2 . 1 Energy Gun 6 | 1 2 . . . 1 1 1 . . Energy Cannon . | . . . . . . . . . . Ballistic Gun 6 | 1 1 . 2 1 1 . . . . Ballistic Cannon . | . . . . . . . . . . Launcher 6 | . 2 1 . 2 . . 1 . . Special Weapon 1 | . . . . . . . . . 1 Impact Weapon . | . . . . . . . . . . Slashing Weapon . | . . . . . . . . . . Piercing Weapon . | . . . . . . . . . . Special Melee Weapon 5 | . 1 . . 1 2 1 . . . Unidentified Prototypes 2 | . . . . 1 . 1 . . . Parts Lost 25 | . . 1 1 5 1 . . 17 . Power 5 | . . . . 2 . . . 3 . Propulsion 10 | . . 1 . 3 . . . 6 . Utility 6 | . . . . . . . . 6 . Weapon 4 | . . . 1 . 1 . . 2 . Highest Loss Streak 17 | . . 1 1 3 1 . . 17 . To Critical Strikes . | . . . . . . . . . . Average Slot Usage (%) 86 | . 90 99 99 97 88 92 81 48 41 Engine 7 | . 14 11 11 17 . . . . . Core 4 | . . . . . 7 13 11 5 11 Flight 31 | . 25 41 42 34 30 39 32 17 . Device 8 | . 8 11 11 6 7 6 8 5 11 Storage 2 | . 1 . . 1 5 6 5 3 . Processor 7 | . 9 11 11 9 7 6 5 3 . Hackware 4 | . . . . 9 7 6 8 6 . Energy Gun 6 | . 9 11 11 9 5 . . 2 . Ballistic Gun 5 | . 13 . 8 8 4 . . . . Launcher 3 | . . 10 1 . 7 6 2 1 . Special Melee Weapon 1 | . 4 . . . 1 6 2 . . Peak Build Rating 55 | 6 7 10 10 27 37 46 55 55 50 Average Rating 23 | 3 6 9 9 15 31 42 46 30 49 On Entrance 22 | . 6 7 10 9 25 36 44 55 28 Naked Turns 48 | . . . . . . . . 48 . Heaviest Build 34 | 12 12 10 10 13 21 20 24 24 34 Greatest Support 33 | 20 20 16 16 20 20 33 33 32 28 Greatest Overweight (x) 6 | 1 . . . . 1 . 1 6 1 Average Overweight (x) . | . . . . . . . . . 1 Largest Inventory Capacity 8 | 8 8 5 5 8 8 8 8 8 5 Average Capacity 6 | 6 5 5 5 5 7 8 8 6 5 Most Carried 8 | 6 8 5 5 6 8 8 8 8 3 Average Carried 5 | 3 4 3 4 4 6 6 7 6 1 Final Capacity 8 | 8 5 5 5 5 8 8 8 5 5 Final Carried 8 | 6 5 5 5 5 8 8 8 5 1 Class Distribution -------------------- 39% | Sprinter 31% | Mutant 16% | Scavenger-Sprinter 10% | Hacker-Sprinter Dominant Class ---------------- Mutant | -10/Materials Sprinter | -9/Materials Scavenger-Sprinter | -9/Mines Scavenger-Sprinter | -8/Materials Sprinter | -7/Factory Sprinter | -6/Factory Hacker-Sprinter | -5/Factory Hacker-Sprinter | -5/Extension Mutant | -5/Cetus Resources | -11 -10 -9 -9 -8 -7 -6 -5 -5 -5 ----------- Run | Yrd Mat Mat Min Mat Fac Fac Fac Ext Cet Matter Collected 763 | 185 63 62 270 . 122 . 58 3 . Remotely . | . . . . . . . . . . Salvage Created 340 | . 71 80 74 54 61 . . . . Parts 43 | . 11 6 12 7 7 . . . . Haulers Intercepted 1 | . . . . 1 . . . . . Recyclers Shooed . | . . . . . . . . . . Parts Field Recycled . | . . . . . . . . . . Retrieved Matter . | . . . . . . . . . . Parts Self-Destructed . | . . . . . . . . . . Prevented . | . . . . . . . . . . Kills | -11 -10 -9 -9 -8 -7 -6 -5 -5 -5 ------- Run | Yrd Mat Mat Min Mat Fac Fac Fac Ext Cet Combat Hostiles Destroyed 17 | . 6 2 6 1 2 . . . . Guns 6 | . . 1 4 1 . . . . . AOE 11 | . 6 1 2 . 2 . . . . Classes Destroyed 5 | . 2 2 . 1 . . . . . Hauler 1 | . . . . 1 . . . . . Operator 2 | . . 1 . . 1 . . . . Watcher 1 | . 1 . . . . . . . . Swarmer 15 | . 6 . 6 1 2 . . . . Sentry 2 | . . 2 . . . . . . . Best Kill Streak 4 | . 3 2 4 1 3 . . . . Combat Bots Only 4 | . 3 1 4 1 2 . . . . Max Kills in Single Turn 3 | . 3 1 2 1 2 . . . . Gunslinging 1 | . . . 1 . . . . . . Exploded 3 | . 3 1 2 . 2 . . . . Melee . | . . . . . . . . . . Uniques/NPCs Destroyed . | . . . . . . . . . . Combat | -11 -10 -9 -9 -8 -7 -6 -5 -5 -5 -------- Run | Yrd Mat Mat Min Mat Fac Fac Fac Ext Cet Hostile Shots Fired 350 | . 12 12 27 30 44 27 . 180 18 Missed 168 | . 5 5 15 12 28 17 . 77 9 Damage Taken 2865 | . 77 102 97 276 240 66 . 1766 241 Core 1254 | . 23 14 31 64 94 . . 966 62 Absorbed by Shields 116 | . . . . . . . . 116 . Regen/Repaired (Parts) 44 | . . . . 13 . 31 . . . Core Remaining (%) 92 | 100 90 . 88 88 86 100 . . . Volleys Fired 54 | . 14 6 12 7 10 . . 5 . Largest 3 | . 2 2 2 2 3 . . 1 . Hottest 90 | . 60 70 70 70 90 . . 75 . Shots Fired 90 | . 21 11 19 14 20 . . 5 . Gun 78 | . 19 6 18 12 18 . . 5 . Cannon . | . . . . . . . . . . Launcher 12 | . 2 5 1 2 2 . . . . Special . | . . . . . . . . . . Kinetic 35 | . 14 . 6 5 10 . . . . Thermal 43 | . 5 6 12 7 8 . . 5 . Explosive 12 | . 2 5 1 2 2 . . . . Electromagnetic . | . . . . . . . . . . Robot Hit Streak 6 | . 2 3 5 6 5 . . 3 . Robot Miss Streak 3 | . 3 1 2 2 1 . . 1 . Penetration Max . | . . . . . . . . . . Secondary Targets 1 | . . . 1 . . . . . . Max Gunslinging Chain 1 | . . . 1 . . . . . . Shots Hit Robots 56 | . 16 6 10 10 11 . . 3 . Core Hits 33 | . 10 8 6 3 6 . . . . Critical Kills . | . . . . . . . . . . Critical Parts Destroyed . | . . . . . . . . . . Critical Strikes . | . . . . . . . . . . Melee Attacks 12 | . 9 . . 2 1 . . . . Impact . | . . . . . . . . . . Slashing . | . . . . . . . . . . Piercing . | . . . . . . . . . . Sneak Attacks 7 | . 4 . . 2 1 . . . . Combat Hostiles . | . . . . . . . . . . Follow-up Attacks . | . . . . . . . . . . Damage Inflicted 1017 | . 295 125 194 140 198 . . 65 . Guns 406 | . 57 21 100 67 96 . . 65 . Cannons . | . . . . . . . . . . Explosions 611 | . 238 104 94 73 102 . . . . Melee . | . . . . . . . . . . Ramming . | . . . . . . . . . . Kinetic 156 | . 34 . 36 23 63 . . . . Thermal 250 | . 23 21 64 44 33 . . 65 . Explosive 611 | . 238 104 94 73 102 . . . . Electromagnetic . | . . . . . . . . . . Impact . | . . . . . . . . . . Slashing . | . . . . . . . . . . Piercing . | . . . . . . . . . . Highest Corruption . | . . . . . . . . . . Average Corruption . | . . . . . . . . . . Corruption Purged . | . . . . . . . . . . Corruption Blocked . | . . . . . . . . . . Overload Shots . | . . . . . . . . . . Overflow Damage 18 | . . . . 18 . . . . . Projectiles . | . . . . . . . . . . Explosions 18 | . . . . 18 . . . . . Melee . | . . . . . . . . . . Knockbacks . | . . . . . . . . . . Impact . | . . . . . . . . . . Kinetic . | . . . . . . . . . . Secondary . | . . . . . . . . . . Self-Inflicted Damage 67 | . 10 1 . 31 25 . . . . Shots 4 | . 1 1 . 1 1 . . . . Rammed . | . . . . . . . . . . Targets Rammed . | . . . . . . . . . . Kicked . | . . . . . . . . . . Crushed . | . . . . . . . . . . Highest Temperature 96 | . 34 55 50 42 50 96 3 24 . Average Temperature 18 | . 12 20 15 15 17 49 1 22 . Received Heat Transfer 237 | . 24 27 . 9 18 12 . 120 27 Siege Activations . | . . . . . . . . . . Robots Corrupted . | . . . . . . . . . . Combat Hostiles . | . . . . . . . . . . Parts Fried . | . . . . . . . . . . Impact Corruptions . | . . . . . . . . . . Robots Melted . | . . . . . . . . . . Combat Hostiles . | . . . . . . . . . . Parts Melted . | . . . . . . . . . . Heat Transferred 575 | . 50 50 150 100 75 . . 150 . Parts Sabotaged . | . . . . . . . . . . Parts Stolen . | . . . . . . . . . . Parts Stripped . | . . . . . . . . . . Power Chain Reactions . | . . . . . . . . . . Alert | -11 -10 -9 -9 -8 -7 -6 -5 -5 -5 ------- Run | Yrd Mat Mat Min Mat Fac Fac Fac Ext Cet Peak Influence 605 | . 259 333 327 239 605 359 294 348 194 Initial 296 | . . 109 129 127 108 296 182 143 194 Average 210 | . 125 203 269 162 296 319 196 199 194 Maximum Alert Level 2 | . 1 1 1 1 2 1 1 1 . Low Security (%) 55 | 100 63 73 24 96 25 . 70 66 100 Level 1 40 | . 36 26 75 3 50 100 29 33 . Level 2 4 | . . . . . 24 . . . . Level 3 . | . . . . . . . . . . Level 4 . | . . . . . . . . . . Level 5 . | . . . . . . . . . . High Security . | . . . . . . . . . . Max Security . | . . . . . . . . . . Squads Dispatched 10 | . 3 1 . 1 3 . 2 . . Investigation 4 | . . . . . 2 . 2 . . Extermination . | . . . . . . . . . . Reinforcement 5 | . 3 1 . 1 . . . . . Assault . | . . . . . . . . . . Garrison 1 | . . . . . 1 . . . . Intercept . | . . . . . . . . . . Searches Triggered . | . . . . . . . . . . Construction Impeded 1 | . . 1 . . . . . . . Haulers Reinforced . | . . . . . . . . . . Active Scanning Responses . | . . . . . . . . . . Cargo Convoy Interrupts . | . . . . . . . . . . Stealth | -11 -10 -9 -9 -8 -7 -6 -5 -5 -5 --------- Run | Yrd Mat Mat Min Mat Fac Fac Fac Ext Cet Distress Signals 6 | . . 1 . 1 1 . 1 1 1 Communications Jammed . | . . . . . . . . . . Distress Signals . | . . . . . . . . . . Times Spotted 113 | . 18 7 11 13 21 4 9 25 5 Peak Tracking Total 16 | . 6 5 4 9 7 4 7 16 5 Tactical Retreats 17 | . 1 . 2 1 4 1 1 7 . Traps | -11 -10 -9 -9 -8 -7 -6 -5 -5 -5 ------- Run | Yrd Mat Mat Min Mat Fac Fac Fac Ext Cet Traps Triggered 5 | . . . . . . 1 1 3 . Indirectly . | . . . . . . . . . . Trap Hack Attempts . | . . . . . . . . . . Triggered . | . . . . . . . . . . Disarmed . | . . . . . . . . . . Reprogrammed . | . . . . . . . . . . Reused . | . . . . . . . . . . Traps Extracted . | . . . . . . . . . . Installed . | . . . . . . . . . . Triggered . | . . . . . . . . . . Machines | -11 -10 -9 -9 -8 -7 -6 -5 -5 -5 ---------- Run | Yrd Mat Mat Min Mat Fac Fac Fac Ext Cet Machines Disabled 1 | . . . . . 1 . . . . Max in Single Turn 1 | . . . . . 1 . . . . Machines Repaired . | . . . . . . . . . . Machines Dismantled . | . . . . . . . . . . Machines Sabotaged . | . . . . . . . . . . Overloaded Fab Kills . | . . . . . . . . . . Hacking | -11 -10 -9 -9 -8 -7 -6 -5 -5 -5 --------- Run | Yrd Mat Mat Min Mat Fac Fac Fac Ext Cet Machines Accessed 18 | . 2 1 . 2 7 2 3 1 . Terminals 14 | . 2 1 . . 7 1 3 . . Fabricators . | . . . . . . . . . . Repair Stations 2 | . . . . 1 . 1 . . . Recycling Units 2 | . . . . 1 . . . 1 . Scanalyzers . | . . . . . . . . . . Garrison Access . | . . . . . . . . . . Total Hacks 41 | . 4 2 . 5 16 3 9 2 . Successful 18 | . 2 . . 3 5 3 4 1 . Failed 22 | . 2 2 . 2 11 . 4 1 . Catastrophic 4 | . . . . . 2 . 2 . . Database Lockouts 1 | . . . . . . . 1 . . Manual 21 | . 4 . . 2 7 . 8 . . Terminals 32 | . 4 2 . . 16 1 9 . . Fabricators . | . . . . . . . . . . Repair Stations 5 | . . . . 3 . 2 . . . Recycling Units 4 | . . . . 2 . . . 2 . Scanalyzers . | . . . . . . . . . . Garrison Access . | . . . . . . . . . . Terminal Hacks 10 | . . . . . 5 1 4 . . Record 7 | . . . . . 3 1 3 . . Prototype ID Bank 1 | . . . . . 1 . . . . Level Access Points 2 | . . . . . 1 . 1 . . Fabricator Hacks . | . . . . . . . . . . Repair Station Hacks 4 | . . . . 2 . 2 . . . Scan Component 2 | . . . . 1 . 1 . . . Repair 2 | . . . . 1 . 1 . . . Recycling Unit Hacks 1 | . . . . . . . . 1 . Retrieve Matter 1 | . . . . . . . . 1 . Scanalyzer . | . . . . . . . . . . Garrison Access Hacks . | . . . . . . . . . . Unauthorized Hacks 3 | . 2 . . 1 . . . . . Terminals 2 | . 2 . . . . . . . . Assimilate 2 | . 2 . . . . . . . . Fabricators . | . . . . . . . . . . Repair Stations . | . . . . . . . . . . Recycling Units 1 | . . . . 1 . . . . . Mask 1 | . . . . 1 . . . . . Scanalyzers . | . . . . . . . . . . Garrison Access . | . . . . . . . . . . Data Cores Recovered 2 | . . 1 . . 1 . . . . Used 1 | . . . . . 1 . . . . Hacking Detections 15 | . 2 1 . 1 7 . 3 1 . Full Trace Events 4 | . . . . . 2 . 2 . . Feedback Events . | . . . . . . . . . . Feedback Blocked . | . . . . . . . . . . Robot Schematics Acquired . | . . . . . . . . . . Robots Built . | . . . . . . . . . . Authchips . | . . . . . . . . . . Time . | . . . . . . . . . . Total Robot Build Rating . | . . . . . . . . . . Part Schematics Acquired . | . . . . . . . . . . Parts Built . | . . . . . . . . . . Authchips . | . . . . . . . . . . Time . | . . . . . . . . . . Total Part Build Rating . | . . . . . . . . . . Parts Repaired 2 | . . . . 1 . 1 . . . Time 86 | . . . . 26 . 60 . . . Parts Recycled . | . . . . . . . . . . Recycled Matter . | . . . . . . . . . . Retrieved Matter . | . . . . . . . . . . Retrieved Components . | . . . . . . . . . . Parts Scanalyzed . | . . . . . . . . . . Part Schematics Acquired . | . . . . . . . . . . Parts Damaged . | . . . . . . . . . . Bothacking | -11 -10 -9 -9 -8 -7 -6 -5 -5 -5 ------------ Run | Yrd Mat Mat Min Mat Fac Fac Fac Ext Cet Used RIF Installer . | . . . . . . . . . . Robots Hacked 5 | . 3 . . 1 1 . . . . Non-combat 5 | . 3 . . 1 1 . . . . Combat . | . . . . . . . . . . Robot Hacks Applied 8 | . 5 . . 2 1 . . . . parse_system 3 | . 2 . . 1 . . . . . no_distress 4 | . 2 . . 1 1 . . . . check_alert 1 | . 1 . . . . . . . . Relay Couplers Released . | . . . . . . . . . . Fabnet Peak Effective % . | . . . . . . . . . . Robots Rewired . | . . . . . . . . . . Allies Hacked . | . . . . . . . . . . Hacks Repelled . | . . . . . . . . . . Allies | -11 -10 -9 -9 -8 -7 -6 -5 -5 -5 -------- Run | Yrd Mat Mat Min Mat Fac Fac Fac Ext Cet Total Allies 1 | . 1 . . . . . . . . Largest Group 1 | . 1 . . . . . . . . Highest-Rated Group 10 | . 10 . . . . . . . . Highest-Rated Ally 10 | . 10 . . . . . . . . Total Orders . | . . . . . . . . . . Ally Attacks . | . . . . . . . . . . Total Damage . | . . . . . . . . . . Kills . | . . . . . . . . . . Allies Corrupted . | . . . . . . . . . . Allies Melted . | . . . . . . . . . . Intel | -11 -10 -9 -9 -8 -7 -6 -5 -5 -5 ------- Run | Yrd Mat Mat Min Mat Fac Fac Fac Ext Cet Robot Analysis Total . | . . . . . . . . . . Derelict Logs Recovered 1 | . . . 1 . . . . . . Drone Launches . | . . . . . . . . . . Drone Recoveries . | . . . . . . . . . . Exploration | -11 -10 -9 -9 -8 -7 -6 -5 -5 -5 ------------- Run | Yrd Mat Mat Min Mat Fac Fac Fac Ext Cet Turns Passed 2133 | 68 362 171 195 286 389 193 211 218 40 Spaces Moved 5027 | 37 685 432 459 640 1148 377 681 536 32 Core 106 | 3 . . . . . . . 103 . Treads 17 | 17 . . . . . . . . . Legs 34 | 17 17 . . . . . . . . Wheels 38 | . . . . . . . . 6 32 Hover 1 | . . . . . . . . 1 . Flight 4831 | . 668 432 459 640 1148 377 681 426 . Fastest Speed 21 | 50 37 31 31 26 26 21 21 21 115 Average Speed 31 | 140 39 31 31 30 26 26 27 31 115 Slowest Speed 350 | 190 120 34 34 34 96 29 108 350 115 Overloaded Moves . | . . . . . . . . . . Propulsion Burnouts . | . . . . . . . . . . Robots Hopped 24 | . 4 . . 6 11 . 1 2 . Cave-ins Triggered . | . . . . . . . . . . Exploration Rate (%) 36 | 4 79 33 70 35 34 12 15 66 19 Regions Visited 9 Branch Regions 3 Pre-discovered Areas . | . . . . . . . . . . Known Exits Taken 7 | . 1 1 1 1 1 1 1 . . Unknown Exits Taken 2 | 1 . . . . . . . 1 . Scrap Searched 2 | . . . 2 . . . . . . Spaces Dug 8 | . . . 8 . . . . . . Terrain Destroyed 75 | . 10 35 8 14 8 . . . . Melee . | . . . . . . . . . . Projectile . | . . . . . . . . . . AOE 75 | . 10 35 8 14 8 . . . . Terrain Rammed . | . . . . . . . . . . Walls Destroyed . | . . . . . . . . . . Machines Disabled . | . . . . . . . . . . Actions | -11 -10 -9 -9 -8 -7 -6 -5 -5 -5 --------- Run | Yrd Mat Mat Min Mat Fac Fac Fac Ext Cet Total 5449 | 50 753 454 494 707 1205 470 707 574 35 Wait 161 | . 18 10 6 37 16 59 3 12 . Move 4973 | 36 676 431 458 628 1127 376 678 531 32 Hop 21 | . 4 . . 5 9 . 1 2 . Pick Up 55 | 7 9 3 3 6 13 3 10 1 . Fast Attach 23 | 5 2 . 2 4 2 3 1 4 . Attach 29 | 1 . 3 1 3 7 4 6 1 3 Detach 8 | . 1 . . . 4 2 1 . . Swap 30 | 1 9 1 4 8 6 1 . . . Drop 47 | . 11 . 8 7 10 4 7 . . Fire 54 | . 14 6 12 7 10 . . 5 . Melee 12 | . 9 . . 2 1 . . . . Ram . | . . . . . . . . . . Kick . | . . . . . . . . . . Crush . | . . . . . . . . . . Escape Stasis 36 | . . . . . . 18 . 18 . Rewire . | . . . . . . . . . . Trap . | . . . . . . . . . . Miscellaneous . | . . . . . . . . . . Route ------- -11/Scrapyard -10/Materials (discovered 2 exits: *Mat / [*Min]) -9/Materials -9/Mines (discovered 2 exits: *Mat x2) -8/Materials -7/Factory (discovered 5 exits: *Fac x4 / Sto) -6/Factory -5/Factory (discovered 5 exits: Fac x4 / *Ext) -5/Extension (discovered 2 exits: *Fac / [*Cet]) -5/Cetus History --------- Turn | Location | Event 10 | -11/Scrapyard | Discovered new exit (range 15) 69 | -11/Scrapyard | Entered Materials 287 | -10/Materials | Discovered new exit (range 16) 328 | -10/Materials | Build established: Mutant 406 | -10/Materials | Discovered new exit (range 10) 431 | -10/Materials | Identified exit to Materials 431 | -10/Materials | Entered another Materials area 431 | -9/Materials | Evolved 2 slots: Propulsion x2 592 | -9/Materials | Discovered new exit (range 13) 602 | -9/Materials | Identified exit to Mines 602 | -9/Materials | Entered Mines 627 | -9/Mines | Met a Derelict bent on vengeance 690 | -9/Mines | Discovered new exit (range 16) 769 | -9/Mines | Discovered new exit (range 9) 775 | -9/Mines | Identified exit to Materials 797 | -9/Mines | Entered Materials 797 | -8/Materials | Evolved 2 slots: Power x1, Utility x1 848 | -8/Materials | Repaired Sensor Array 923 | -8/Materials | Build established: Scavenger-Sprinter 1082 | -8/Materials | Discovered new exit (range 4) 1082 | -8/Materials | Identified exit to Factory 1083 | -8/Materials | Entered Factory 1083 | -7/Factory | Evolved 2 slots: Utility x1, Weapon x1 1084 | -7/Factory | Identified exit to Storage 1110 | -7/Factory | Lost 3 parts (2p1n) 1188 | -7/Factory | Identified exit to Factory 1281 | -7/Factory | Found Powered Armor 1323 | -7/Factory | Build established: Sprinter 1363 | -7/Factory | Garrison activated, responded to threat 1472 | -7/Factory | Entered another Factory area 1472 | -6/Factory | Evolved 2 slots: Propulsion x2 1604 | -6/Factory | Repaired Imp. VTOL Module 1663 | -6/Factory | Discovered new exit (range 10) 1665 | -6/Factory | Identified exit to Factory 1665 | -6/Factory | Entered another Factory area 1665 | -5/Factory | Evolved 2 slots: Utility x2 1806 | -5/Factory | Central database locked down 1862 | -5/Factory | Identified exit to Factory 1873 | -5/Factory | Discovered new exit (range 16) 1876 | -5/Factory | Identified exit to Extension 1876 | -5/Factory | Entered Extension 1902 | -5/Extension | Spotted B-75 Beast 2015 | -5/Extension | Spotted B-75 Beast 2022 | -5/Extension | Core integrity fell below 50% 2029 | -5/Extension | Core integrity fell below 20% 2060 | -5/Extension | Lost 17 parts (3p6n6u2w) 2063 | -5/Extension | Discovered new exit (range 16) 2063 | -5/Extension | Discovered exit to Factory (range 15) 2094 | -5/Extension | Entered Cetus 2112 | -5/Cetus | Spotted Cetus Guard 2112 | -5/Cetus | Spotted Cetus Guard 2114 | -5/Cetus | Spotted Cetus Guard 2115 | -5/Cetus | Spotted Cetus Guard 2134 | -5/Cetus | Destroyed by Cetus Guard with Advanced Variable Charge Gun Last Messages --------------- 02020_ W-25 Informer sends out distress signal. 02021_ Slug penetrates U-05 Engineer. 02022_ Machine disabled. 02023_ Penetrated by Slug. 02023_ U-05 Engineer destroyed. 02023_ Penetrated by Slug. 02024_ R-10 Processor destroyed. 02025_ Acquired 3 matter. 02029_ Lgt. Nuclear Core destroyed. 02063_ EXIT=FOUND 02063_ EXIT=FOUND: FACTORY 02069_ Acquired Neutrino Core. 02075_ Acquired Mic. Fission Core. 02084_ Acquired Arm. Huge Wheel. 02089_ Acquired Imp. Remote Datajack. 02092_ Acquired Cmb. Gravmag System. LOCATION=UNKNOWN GOAL=ESCAPE 02116_ Penetrated by Slug. 02132_ Slug penetrates Wall. Map ----- +----------------------------------------------------+ | ????????????????????????????????????????????????? | | ????????????????????????????????????????????????? | | ????????????????????????????????????????????????? | | ????????????????????????????????????????????????? | | ????????????????????????????????????????????????? | | ????????????????????????????????????????????????? | | ????????????????????????????????????????????????? | | ????????????????????????????????????????????????? | | ????????????????????????????????????????????????? | | ????????????????????????????????????????????????? | | ??????????????????????? ??????????????????????? | | ??????????????????????? ??????????????????????? | | ??????????????????????? #?????????????????????? | | ??????????????????????# #?????????????????????? | | ??????????????????????# #?????????????????????? | | ??????????????????????# #?????????????????????? | | ??????????????????????# #?????????????????????? | | ??????????????????????# #?????????????????????? | | ??????????????????????# #?????????????????????? | | ??????????????????????# #?????????????????????? | | ??????????????????????# #?????????????????????? | | ??????????????????????# #?????????????????????? | | ??????????????????????# #?????????????????????? | | ??????????????????????# #?????????????????????? | | ??????????????????????# #?????????????????????? | | ??????????????????????# @ #?????????????????????? | | ??????????????????????# #?????????????????????? | | ??????????????????????# #?????????????????????? | | ??????????????????????# #?????????????????????? | | ??????????????????????# #?????????????????????? | | ??????????????????????; #?????????????????????? | | ??????????????????????; #?????????????????????? | | ?????????????????????## #?????????????????????? | | ??????????????????????# #?????????????????????? | | ??????????????????????# #?????????????????????? | | ??????????????????????# #?????????????????????? | | ??????????????????????# #?????????????????????? | | ?######################YYY#"###?????????????????? | | ?# Y +??????????? | | ?# +??????????? | | ?# +??????????? | | ?############################### ###??????????? | | ??????????????????????????????????##????????????? | | ????????????????????????????????????????????????? | | ????????????????????????????????????????????????? | | ????????????????????????????????????????????????? | | ????????????????????????????????????????????????? | | ????????????????????????????????????????????????? | | ????????????????????????????????????????????????? | | ????????????????????????????????????????????????? | +----------------------------------------------------+ Best States ------------- Heat Dissipation 59 Energy Generation 29 Energy Capacity 365 Matter Stores 300 Matter Capacity 300 Sight Range 16 Robot Scan Range 15 Terrain Scan Density 10 ECM Strength 2 Jamming Range 14 Evasion (%) 65 Recoil Reduction 1 Offensive Hacking 10 Defensive Hacking 10 Item Schematics ----------------- None Robot Schematics ------------------ None Fabricated ------------ Nothing Alien Tech Used ----------------- None Achievements -------------- None Challenges ------------ None Game ------ Seed PlatingNeutrinoTorch Manual? 0 Play Time 01:09:53 Cumulative 17.3 hours Start 2024.09.04 @ 20:22:50 End 2024.09.04 @ 21:33:18 Sessions 1 Manual Loads 0 Difficulty Rogue Special Mode None Game No. 18 Rogue 18 Adventurer 0 Explorer 0 Win Type - Total 0 Types 0/0/0/0/0/0/0/0/0 Lore% 14 Gallery% 18 Achievement% 17 Wizard Run 0 Options --------- Layout 1 ASCII 0 Keyboard 1 Movement Numpad Keybinds 0 Fullscreen 2 Font 48/Tamsyn Map View 50x35 Zoom Use 0% Tactical HUD 1 Map Filters NONE Filters NONE Steam 1 RUN: 7a8a6d61-da55-41f4-891e-8b0e8b71a879